 Dungeon Crawl Stone Soup version 0.31-a0-662-g684573625c (webtiles) character file.

Game seed: 5018285192024171123

19385 sampeng1 the Cleaver (level 12, -4/113 HPs)
             Began as a Minotaur Berserker on Sept 1, 2023.
             Was a High Priest of Trog.
             Slain by a 13-headed hydra (8 damage)
             ... on level 3 of the Lair of Beasts.
             The game lasted 00:27:01 (9850 turns).

sampeng1 the Cleaver (Minotaur Berserker)           Turns: 9850, Time: 00:27:02

Health: -4/113     AC: 24    Str: 26    XL:     12   Next: 36%
Magic:  21/21      EV:  9    Int:  9    God:    Trog [*****.]
Gold:   266        SH: 18    Dex: 11    Spells: 11/11 levels left

rFire   + . .        y - +4 broad axe (venom)
rCold   . . .        C - +0 tower shield
rNeg    . . .        u - +0 plate armour
rPois   +            D - +3 hat of Pondering {ponderous, Will+ MP+10 Int+5}
rElec   .            e - +1 cloak
rCorr   +            g - +0 pair of gloves
SInv    .            (no boots)
Will    +....        s - amulet of reflection Stlth
                     l - ring of resist corrosion
HPRegen 0.38/turn    x - ring of poison resistance
MPRegen 0.17/turn

%: reflection
@: slow
A: horns 2, retaliatory headbutt, hooves 1, iridescent scales 1, fire resistance
1
a: Renounce Religion, Berserk, Trog's Hand, Brothers in Arms


You were on level 3 of the Lair of Beasts.
You worshipped Trog.
Trog was extremely pleased with you.
You visited 2 branches of the dungeon, and saw 11 of its levels.

You collected 560 gold pieces.
You spent 294 gold pieces at shops.

Inventory:

Hand Weapons
 a - a +1 war axe of freezing
 t - a +0 war axe
 y - a +4 broad axe of venom (weapon)
 I - a +4 heavy battleaxe
Missiles
 f - 2 curare-tipped darts
 h - 12 javelins
 i - 20 poisoned darts (quivered)
 n - a throwing net
 p - 5 datura-tipped darts
Armour
 e - a +1 cloak (worn)
 g - a +0 pair of gloves (worn)
 q - a scarf of harm
 r - a scarf of invisibility
 u - a +0 plate armour (worn)
 C - a +0 tower shield (worn)
 D - the +3 hat of Pondering (worn) {ponderous, Will+ MP+10 Int+5}
   (You took it off Gastronok on level 2 of the Lair of Beasts)

   Int+5:     It affects your intelligence (+5).
   Will+:     It increases your willpower.
   MP+10:     It affects your magic capacity (+10).
Jewellery
 l - a ring of resist corrosion (left hand)
 o - an amulet of faith
 s - an amulet of reflection (around neck)
 x - a ring of poison resistance (right hand)
Wands
 d - a wand of charming (20)
 v - a wand of flame (19)
 A - a wand of iceblast (3)
 F - a wand of light (2)
Scrolls
 k - a scroll of immolation
 m - a scroll of amnesia
 B - 3 scrolls of teleportation
 E - a scroll of acquirement {unknown}
 G - a scroll of blinking {unknown}
Potions
 b - a potion of cancellation
 c - 4 potions of resistance
 j - 5 potions of curing
 w - 2 potions of heal wounds
 z - a potion of enlightenment
 H - a potion of might


   Skills:
 + Level 12.5 Fighting
 + Level 12.5 Axes
 + Level 12.2 Armour
 + Level 11.2 Dodging
 + Level 6.0 Shields


You had 11 spell levels left.
You didn't know any spells.
Your spell library was empty.

Dungeon Overview and Level Annotations

Branches:
Dungeon (8/15)             Temple (0/1) D:7            Lair (3/5) D:8
 Spider (0/4) Lair:3
  Swamp: Lair:2-3    Shoals: Lair:2-3

Altars:
Dithmenos
Elyvilon
Fedhas
Hepliaklqana
Kikubaaqudgha
Nemelex Xobeh
Vehumet
Wu Jian
Xom
Zin

Shops:
D:2 (   D:7 =!(   D:8 *


Innate Abilities, Weirdness & Mutations

You have a pair of horns on your head.
You reflexively headbutt those who attack you in melee.
You have large cloven feet.
You are partially covered in iridescent scales. (AC +2)
Your flesh is heat resistant. (rF+)


Message History

The 12-headed hydra bites you but does no damage.
You block the 12-headed hydra's attack. x2
The 12-headed hydra bites you but does no damage.
You block the 12-headed hydra's attack. The 12-headed hydra closely misses you.
You block the 12-headed hydra's attack. The 12-headed hydra bites you.
* * * LOW HITPOINT WARNING * * *
The 12-headed hydra closely misses you. You block the 12-headed hydra's attack.
The 12-headed hydra bites you but does no damage.
The komodo dragon bites you but does no damage.
The 12-headed hydra closely misses you. You furiously retaliate!
You headbutt the 12-headed hydra.
The 12-headed hydra completely misses you.
The 12-headed hydra bites you.
* * * LOW HITPOINT WARNING * * *
The 12-headed hydra bites you but does no damage.
The 12-headed hydra bites you.
* * * LOW HITPOINT WARNING * * *
The 12-headed hydra bites you but does no damage. x4
The 12-headed hydra closely misses you.
The 12-headed hydra completely misses you.
The 12-headed hydra bites you but does no damage.
You slice one of the 12-headed hydra's heads off!
The 11-headed hydra grows two more!
You slash the 13-headed hydra! You kick the 13-headed hydra.
You headbutt the 13-headed hydra!
The 13-headed hydra is moderately wounded.
You slash the komodo dragon!
The komodo dragon looks as sick as possible!
You block the komodo dragon's attack.
The 13-headed hydra bites you but does no damage.
The 13-headed hydra bites you.
* * * LOW HITPOINT WARNING * * *
You block the 13-headed hydra's attack.
The 13-headed hydra bites you but does no damage.
The 13-headed hydra bites you.
* * * LOW HITPOINT WARNING * * *
The 13-headed hydra completely misses you.
The 13-headed hydra closely misses you. x2
The 13-headed hydra barely misses you. You block the 13-headed hydra's attack.
The 13-headed hydra bites you!
You die...

.....P.P.........##
##....###!........#
##...# #.........#
#...# ##.......##
....# ♣.........#
.♣.♣ ♣♣....♣...#
♣.♣.♣♣♣.$#
♣♣♣♣♣.♣.## ♣~.D@.#
♣..~~.l..#
...~≈~♣### ..~~~~
§♣~≈~~ ♣~≈≈ ♣≈~≈
♣♣≈


You could see a 13-headed hydra and a komodo dragon (extremely poisoned).

Vanquished Creatures
  Gastronok (Lair:2)
  A two-headed ogre (D:8)
  Sonja (Lair:2)
  2 skysharks (Lair:3)
  3 black mambas
  6 cane toads
  5 komodo dragons
  A rime drake (Lair:3)
  A polar bear (Lair:3)
  9 blink frogs
  7 dream sheep (Lair:3)
  Sigmund (D:4)
  7 basilisks
  A wyvern (Lair:1)
  14 yaks (Lair:3)
  2 steam dragons
  A swamp worm (Lair:3)
  2 orc warriors
  2 ice beasts
  12 water moccasins
  2 sky beasts
  15 wolves
  A centaur (D:7)
  6 phantoms
  4 bullfrogs
  10 scorpions
  4 hounds
  4 jellies
  A gnoll bouda (D:8)
  2 orc priests
  2 sleepcaps (D:6)
  3 iguanas
  An orc wizard (D:8)
  6 hell rats (Lair:2)
  4 gnolls
  8 adders
  A shadow imp (D:5)
  2 white imps
  2 adder zombies (D:2)
  4 worms
  2 dart slugs (D:1)
  12 orcs
  6 ball pythons
  7 endoplasms
  3 giant cockroaches
  8 goblins
  4 hobgoblins
  2 jackals
  3 quokkas
  A ball python zombie (D:2)
  3 bats
  6 frilled lizards
  A giant cockroach zombie (D:2)
  9 kobolds
  A quokka skeleton (D:2)
  9 rats
238 creatures vanquished.

Vanquished Creatures (others)
  2 gnolls (D:7)
2 creatures vanquished.

Grand Total: 240 creatures vanquished

Notes
Turn   | Place    | Note
-------+----------+-------------------------------------------
     0 | D:1      | sampeng1 the Minotaur Berserker began the quest for the
                  | Orb.
     0 | D:1      | Reached XP level 1. HP: 19/19 MP: 0/0
    67 | D:1      | Reached XP level 2. HP: 16/27 MP: 1/1
   427 | D:1      | Reached ** piety under Trog
   627 | D:1      | Reached XP level 3. HP: 33/33 MP: 2/2
  1692 | D:2      | Found Jett's Weapon Boutique.
  1729 | D:3      | Found a faded altar of an unknown god.
  1732 | D:3      | Reached XP level 4. HP: 29/40 MP: 3/3
  1796 | D:3      | Found a shadowy altar of Dithmenos.
  2175 | D:4      | Noticed Sigmund
  2200 | D:4      | Killed Sigmund
  2201 | D:4      | Reached skill level 5 in Fighting
  2201 | D:4      | Reached skill level 5 in Axes
  2201 | D:4      | Reached XP level 5. HP: 35/48 MP: 4/4
  2283 | D:4      | Found a hazy altar of Hepliaklqana.
  2357 | D:4      | Found a radiant altar of Vehumet.
  2359 | D:4      | Noticed a phantom
  2369 | D:4      | Killed a phantom
  2370 | D:4      | Reached XP level 6. HP: 56/56 MP: 5/5
  2484 | D:4      | Reached *** piety under Trog
  2549 | D:4      | Reached skill level 5 in Armour
  2670 | D:4      | Gained mutation: You are partially covered in iridescent
                  | scales. (AC +2) [potion of mutation]
  2670 | D:4      | Gained mutation: Your flesh is heat resistant. (rF+)
                  | [potion of mutation]
  2670 | D:4      | Gained mutation: You have large cloven feet. [potion of
                  | mutation]
  2870 | D:5      | Entered Level 5 of the Dungeon
  2890 | D:5      | Noticed an ice beast
  2902 | D:5      | Reached XP level 7. HP: 51/62 MP: 6/6
  3165 | D:5      | Found a sparkling altar of Nemelex Xobeh.
  3249 | D:5      | Reached skill level 5 in Dodging
  3280 | D:5      | Found an ornate altar of the Wu Jian Council.
  3662 | D:6      | Reached XP level 8. HP: 71/71 MP: 7/7
  4326 | D:7      | Found a shimmering altar of Xom.
  4375 | D:7      | Reached **** piety under Trog
  4393 | D:7      | Found Vuukloh's Weapon Shoppe.
  4548 | D:7      | Found a staircase to the Ecumenical Temple.
  4600 | D:7      | Found Usaif's Jewellery Shop.
  4682 | D:7      | Reached XP level 9. HP: 65/81 MP: 8/8
  4872 | D:7      | Found Nulinu's Distillery.
  5373 | D:8      | Found Liuvorph's General Store.
  5596 | D:8      | Noticed a two-headed ogre
  5600 | D:8      | Killed a two-headed ogre
  5996 | D:8      | Found an ancient bone altar of Kikubaaqudgha.
  5996 | D:8      | Found a faded altar of an unknown god.
  6003 | D:8      | Found a blossoming altar of Fedhas.
  6005 | D:8      | Found a white marble altar of Elyvilon.
  6007 | D:8      | Found a glowing silver altar of Zin.
  6041 | D:8      | Found a staircase to the Lair.
  6398 | D:7      | Bought a +4 broad axe of venom for 294 gold pieces
  6565 | Lair:1   | Entered Level 1 of the Lair of Beasts
  6566 | Lair:1   | Noticed a cane toad
  6568 | Lair:1   | Noticed a black mamba
  6574 | Lair:1   | Killed a cane toad
  6578 | Lair:1   | Killed a black mamba
  6690 | Lair:1   | Noticed a komodo dragon
  6699 | Lair:1   | Killed a komodo dragon
  6700 | Lair:1   | Reached XP level 10. HP: 19/91 MP: 9/9
  6856 | Lair:1   | Reached skill level 10 in Axes
  6945 | Lair:1   | Reached skill level 10 in Fighting
  6992 | Lair:1   | Noticed a black mamba
  6999 | Lair:1   | Killed a black mamba
  7152 | Lair:1   | Noticed a cane toad
  7158 | Lair:1   | Killed a cane toad
  7318 | Lair:1   | Reached skill level 10 in Armour
  8049 | Lair:2   | Reached XP level 11. HP: 91/101 MP: 10/10
  8231 | Lair:2   | Noticed Sonja
  8237 | Lair:2   | Killed Sonja
  8238 | Lair:2   | Reached skill level 1 in Shields
  8318 | Lair:2   | Noticed Gastronok
  8343 | Lair:2   | Killed Gastronok
  8344 | Lair:2   | Reached skill level 10 in Dodging
  8688 | Lair:2   | Reached ***** piety under Trog
  9358 | Lair:3   | Noticed a skyshark
  9358 | Lair:3   | Noticed a skyshark
  9369 | Lair:3   | Killed a skyshark
  9370 | Lair:3   | Killed a skyshark
  9371 | Lair:3   | Reached XP level 12. HP: 32/112 MP: 11/11
  9600 | Lair:3   | Reached skill level 5 in Shields
  9621 | Lair:3   | Received a gift from Trog
  9798 | Lair:3   | Found a hole to the Spider Nest.
  9839 | Lair:3   | Noticed a seven-headed hydra
  9850 | Lair:3   | HP: 4/113 [13-headed hydra (3)]
  9850 | Lair:3   | Slain by a 13-headed hydra

Illustrated notes

Levels and vault maps discovered:
D:1:      lightli_arrival_flooded_house, layout_loops_ring
D:2:      layout_loops_corners, serial_shops, nicolae_shop_behind_doors,
          serial_undead, serial_undead_e, serial_undead_b, serial_undead_e,
          serial_undead_f, serial_undead_c, serial_undead_a
D:3:      layout_rooms, mainiacjoe_overflow_brackets,
          shapermc_ecumenical_altar_mp_ritualfount
D:4:      layout_basic, mainiacjoe_overflow_24_doors,
          nicolae_overflow_crystal_walls, minmay_between, uniq_sigmund
D:5:      layout_gridville, nemelex_xobeh_ov_fountains_minmay,
          overflow_temple_1_default, hangedman_decor_lopped
D:6:      layout_cave_pools
D:7:      layout_basic, mainiacjoe_overflow_paths, temple_statues, serial_shops,
          shop, nicolae_shop_hallway_stairs, nicolae_shop_tiny_waterfront
D:8:      layout_basic, chequers_temple_overflow_minitemple, lair_entry_dummy,
          nicolae_take_the_stairs
Lair:1:   layout_cave_pods
Lair:2:   layout_long_grid, lemuel_fruit_tree, grunt_megastairs_5,
          lemuel_fruit_fields, uniq_sonja, uniq_gastronok
Lair:3:   beargit_carnivore_pack, layout_hall_layers, palyth_hydra_swamp_entry,
          nicolae_spider_entry_non_spiders, serial_bayou_lagoon_a

Skill      XL: |  1  2  3  4  5  6  7  8  9 10 11 12 |
---------------+-------------------------------------+-----
Axes           | 4 5 6 8 9 10 12 | 12.5
Fighting       | 4 5 6 7 9 10 12 | 12.5
Armour         | 3 4 5 6 7 9 10 11 12 | 12.2
Dodging        | 3 4 5 6 8 9 10 11 | 11.2
Shields        | 4 6 |  6.0

Action                     |  1- 3 |  4- 6 |  7- 9 | 10-12 || total
---------------------------+-------+-------+-------+-------++-------
  Melee: Hand axe          |    98 |    65 |   133 |       ||   296
         Headbutt          |    14 |    15 |    44 |    42 ||   115
         Punch             |     1 |       |     3 |       ||     4
         Kick              |       |     3 |    65 |    71 ||   139
         War axe           |       |       |    68 |       ||    68
         Broad axe         |       |       |    15 |   211 ||   226
  Throw: Dart              |       |       |     1 |       ||     1
 Invoke: Berserk           |       |       |     3 |     2 ||     5
  Evoke: Wand              |       |       |       |     1 ||     1
    Use: Scroll            |     4 |     4 |       |     4 ||    12
         Potion            |     3 |     3 |       |     1 ||     7
 Armour: Animal skin       |    16 |       |       |       ||    16
         Leather armour    |    10 |       |       |       ||    10
         Scale mail        |    17 |    42 |    66 |       ||   125
         Plate armour      |       |       |    79 |   279 ||   358
         Chain mail        |       |       |    27 |       ||    27
  Dodge: Dodged            |    41 |    39 |   106 |   120 ||   306
  Block: Other             |       |       |    21 |    11 ||    32
         Reflection        |       |       |     1 |       ||     1
         Tower shield      |       |       |       |   238 ||   238

Table legend: (Time is in decaauts)
 A = Elapsed time spent in this place.
 B = Non-inter-level travel time spent in this place.
 C = Inter-level travel time spent in this place.
 D = Time resting spent in this place.
 E = Time spent auto-exploring this place.
 F = Levels seen in this place.
 G = Mean time per level.
                   A        B        C        D        E       F      G
               +--------+--------+--------+--------+--------+-----+--------+
         Total |  10092 |   9611 |    481 |      0 |   7464 |  11 |  917.5 |
       Dungeon |   6603 |   6130 |    473 |      0 |   4676 |   8 |  825.4 |
          Lair |   3489 |   3481 |      8 |      0 |   2787 |   3 | 1163.0 |
               +--------+--------+--------+--------+--------+-----+--------+

Top non-repeatable levels by time:
  Lair:1: 1513 daAuts
     D:8: 1372 daAuts
  Lair:2: 1341 daAuts
     D:7: 966 daAuts
     D:2: 865 daAuts
     D:1: 849 daAuts
     D:4: 733 daAuts
     D:5: 698 daAuts
     D:6: 682 daAuts
  Lair:3: 634 daAuts
     D:3: 435 daAuts
